 Dungeon Crawl Stone Soup version 0.22-a0-392-g5dc3fd9af9 (webtiles) character file.

32 Chiseanne the Chopper (level 3, -6/27 HPs)
             Began as a Mummy Wanderer on May 2, 2018.
             Killed from afar by Sigmund (16 damage)
             ... with a puff of flame
             ... on level 2 of the Dungeon.
             The game lasted 00:04:26 (1578 turns).

Chiseanne the Chopper (Mummy Wanderer)              Turns: 1578, Time: 00:04:26

Health: -6/27      AC:  5    Str: 15    XL:     3   Next: 8%
Magic:  7/7        EV: 10    Int: 14    God:
Gold:   90         SH:  0    Dex:  9    Spells: 7/7 levels left

rFire    x . .     SeeInvis .   a - +2 hand axe
rCold    + . .     Gourm    .   (no shield)
rNeg     + + +     Faith    .   i - +0 ring mail
rPois    ∞         Spirit   .   (no helmet)
rElec    .         Reflect  .   (no cloak)
rCorr    .         Harm     .   (no gloves)
MR       .....                  (no boots)
Stlth    +.........             (no amulet)
HPRegen  0.09/turn              (no ring)
MPRegen  0.10/turn              (no ring)

@: no status effects
A: no food or potions, fire vulnerability, cold resistance 1, negative energy
resistance 3, torment resistance, unbreathing
a: no special abilities


You were on level 2 of the Dungeon.
You were not hungry.

You visited 1 branch of the dungeon, and saw 3 of its levels.

You collected 90 gold pieces.

Inventory:

Hand Weapons
 a - a +2 hand axe (weapon)
Missiles
 d - 92 stones (quivered)
 g - 29 sling bullets
 j - 3 needles of sleeping
Armour
 i - a +0 ring mail (worn)
Jewellery
 c - an uncursed ring of protection from magic {unknown}
Scrolls
 b - 3 scrolls of teleportation
 f - a scroll of identify {unknown}
 h - a scroll of remove curse {unknown}


   Skills:
 * Level 1.8 Fighting
 - Level 3.2 Axes
 * Level 1.0 Armour
 * Level 1.4 Dodging
 - Level 1.0 Stealth
   Level 1.0 Shields
 - Level 2.6 Spellcasting
   Level 1.0 Necromancy


You had 7 spell levels left.
You didn't know any spells.

Dungeon Overview and Level Annotations

Branches:
Dungeon (3/15)

Altars:

Annotations:
D:2 Sigmund
D:3 Terence


Innate Abilities, Weirdness & Mutations

You do not eat or drink.
Your flesh is vulnerable to fire.
You are immune to poison.
Your flesh is cold resistant. (rC+)
You are immune to negative energy. (rN+++)
You are immune to unholy pain and torment.
You can survive without breathing.


Message History

There is a stone staircase leading down here.
You climb downwards.
An orc and Terence come into view.
Terence shouts!
The orc shouts!
You hear a shout!
Found a scroll labeled ROFREU QU ZANN, 8 gold pieces and an ivory ring.
There is a stone staircase leading up here.
The hobgoblin hits you but does no damage.
You climb upwards.
Level annotation: Sigmund
There is a stone staircase leading down here.
The hobgoblin barely misses you.
There is an escape hatch in the floor here.
As you read the scroll of teleportation, it crumbles to dust.
You feel strangely unstable. The hobgoblin barely misses you.
Your surroundings suddenly seem different.
Sigmund shouts!
Sigmund points at you and mumbles some strange words.
The puff of flame hits you! The fire burns you terribly!
Ouch! That really hurt!
You die...

.........##.<.##
.........###..#
.........######
...........####
#........@....#
#....######...##
.....######....##
#...............######.<
#....######...#.@.......
#.....# #...####.#.###
#.....#####...# ...#
.#.#.......†..###...##
...................###
........###....##.....
....................#.
.................)....
............##....####


You could see Sigmund.

Vanquished Creatures
  3 leopard geckos (D:1)
  5 bats
  2 giant cockroaches (D:1)
  7 hobgoblins
  2 frilled lizards (D:1)
  A goblin (D:1)
  2 kobolds (D:1)
  6 rats
28 creatures vanquished.

Notes
Turn   | Place    | Note
-------+----------+-------------------------------------------
     0 | D:1      | Chiseanne the Mummy Wanderer began the quest for the Orb.
     0 | D:1      | Chiseanne set off with: a +2 hand axe, 2 scrolls of teleportation, a +0 robe
     0 | D:1      | Reached XP level 1. HP: 13/13 MP: 4/4
   135 | D:1      | Reached skill level 1 in Fighting
   163 | D:1      | Reached XP level 2. HP: 5/21 MP: 5/5
   481 | D:1      | Reached skill level 1 in Dodging
  1242 | D:1      | Reached XP level 3. HP: 23/27 MP: 7/7
  1496 | D:2      | Noticed Sigmund
  1542 | D:3      | Noticed Terence
  1578 | D:2      | Killed from afar by Sigmund

Vault maps used:
D:1:      grunt_arrival_lava_bath
D:2:      minmay_roachtagon, uniq_sigmund
D:3:      marbit_many_paths, kennysheep_generic_room_2, uniq_grinder,
          uniq_terence, uniq_jessica, uniq_natasha

Skill      XL: |  1  2 |
---------------+-------+-----
Fighting       | 1 |  1.8
Dodging        | 1 |  1.4
Axes           | |  3.2
Armour         | |  1.0
Stealth        | |  1.0
Shields        | |  1.0
Spellcasting   | |  2.6
Necromancy     | |  1.0

Action                   || total
-------------------------++-------
Melee: Hand axe          ||    81
  Use: Scroll            ||     2
Armor: Robe              ||    17
       Ring mail         ||     5
Dodge: Dodged            ||    63

Table legend:
 A = Spawn XP
 B = Non-spawn XP
 C = Spawn XP percentage of total XP
 D = Spawn monster count
 E = Non-spawn monster count
 F = Spawn count percentage of total count
 G = Total turns spent on level
                    A         B        C        D         E        F      G
               +---------+---------+-------+---------+---------+-------+---------
         Total |       0 |      46 |   0.0 |       0 |      28 |   0.0 |  1578
               +---------+---------+-------+---------+---------+-------+---------
           D:1 |       0 |      42 |   0.0 |       0 |      25 |   0.0 |  1349
           D:2 |       0 |       4 |   0.0 |       0 |       3 |   0.0 |   227
               +---------+---------+-------+---------+---------+-------+---------
